 Seeded DCSS version 0.30.0-18-gc0e69614cb (webtiles) character file.

Game seed: 8632 (custom seed)

92339 Hubris850 the Severer (level 15, -2/124 HPs)
             Began as a Minotaur Fighter on May 23, 2023.
             Was the Champion of Makhleb.
             Killed from afar by a white draconian knight (21 damage)
             ... with a shard of ice
             ... in an ice cave on May 24, 2023.
             The game lasted 01:01:54 (17757 turns).

Hubris850 the Severer (Minotaur Fighter)           Turns: 17757, Time: 01:01:55

Health: -2/124     AC: 40    Str: 27      XL:     15   Next: 57%
Magic:  26/26      EV:  9    Int:  2 (5)  God:    Makhleb [******]
Gold:   1952       SH:  6    Dex: 14      Spells: 14/14 levels left

rFire   + . .        a - +1 war axe (spect)
rCold   + . .        e - +0 buckler {AC+3}
rNeg    + . .        R - +1 gold dragon scales
rPois   +            o - +0 hat of Parts Unknown {rPois rN+ Str+3 Stlth-}
rElec   .            b - +2 cloak
rCorr   .            z - +1 pair of gloves
SInv    .            f - +0 pair of boots
Will    +....        P - amulet of regeneration Stlth
                     A - +4 ring of protection
HPRegen 1.20/turn    E - +4 ring of protection
MPRegen 0.20/turn

%: no passive effects
@: hasted, studying Armour, very quick
A: horns 2, retaliatory headbutt
a: Renounce Religion, Minor Destruction, Lesser Servant of Makhleb, Major
Destruction, Greater Servant of Makhleb


You were in an ice cave.
You worshipped Makhleb.
Makhleb was exalted by your worship.
You visited 4 branches of the dungeon, and saw 22 of its levels.
You also visited: Ice Cave.

You collected 2186 gold pieces.
You spent 234 gold pieces at shops.

Inventory:

Hand Weapons
 a - a +1 spectral war axe (weapon)
 Q - a +1 scimitar of flaming
Missiles
 i - 4 atropa-tipped darts
 k - 4 javelins
 r - 17 boomerangs (quivered)
 v - 3 curare-tipped darts
 Z - 6 silver javelins
Armour
 b - a +2 cloak (worn)
 e - a +0 buckler of protection (worn)
 f - a +0 pair of boots (worn)
 o - the +0 hat of Parts Unknown (worn) {rPois rN+ Str+3 Stlth-}
   (You bought it in a shop on level 2 of the Orcish Mines)

   Str:       It affects your strength (+3).
   rPois:     It protects you from poison.
   rN:        It protects you from negative energy.
   Stlth:     It makes you less stealthy.
 z - a +1 pair of gloves (worn)
 R - +1 gold dragon scales (worn)
Jewellery
 l - an amulet of faith
 t - the amulet "Wexaoxux" {Spirit rPois}
   (You found it on level 5 of the Lair of Beasts)

   [amulet of guardian spirit]

   It causes incoming damage to be divided between your reserves of health and
   magic.
   rPois:     It protects you from poison.
 A - a +4 ring of protection (left hand)
 E - a +4 ring of protection (right hand)
 I - a ring of positive energy
 J - the ring "Borawev" {rPois rC+ Int+3}
   (You found it on level 7 of the Dungeon)

   [ring of protection from cold]

   Int:       It affects your intelligence (+3).
   rC:        It protects you from cold.
   rPois:     It protects you from poison.
 L - a ring of protection from fire
 O - a ring of resist corrosion
 P - an amulet of regeneration (around neck)
 X - an amulet of guardian spirit
Wands
 c - a wand of charming (4)
 s - a wand of roots (22)
 D - a wand of flame (26)
 G - a wand of polymorph (8)
 H - a wand of acid (23)
 N - a wand of mindburst (30)
 V - a wand of digging (2)
Scrolls
 g - 3 scrolls of blinking
 m - 4 scrolls of fear
 q - 9 scrolls of teleportation
 u - 5 scrolls of magic mapping
 w - 4 scrolls of fog
 K - a scroll of torment
 T - a scroll of poison
 U - 4 scrolls of identify
Potions
 d - 3 potions of might
 h - 2 potions of resistance
 j - 11 potions of curing
 n - 2 potions of berserk rage
 p - 2 potions of attraction
 B - 2 potions of cancellation
 F - 2 potions of mutation
 M - a potion of flight
 W - 3 potions of haste
Miscellaneous
 y - a phantom mirror
 C - a box of beasts (inert)


   Skills:
 - Level 9.0 Fighting
 - Level 16.0 Axes
 + Level 7.0 Throwing
 + Level 16.0 Armour
 - Level 8.0 Dodging
 - Level 9.0 Shields
 - Level 16.0 Invocations
 + Level 5.2 Evocations


You had 14 spell levels left.
You didn't know any spells.
Your spell library contained the following spells:

 Spells                   Type           Power      Damage    Failure   Level
 Sandblast                Erth           0%         2d4       100%        1
 Slow                     Hex            0%         N/A       100%        1
 Cigotuvi's Dreadful Rot  Necr/Pois/Air  0%         N/A       100%        2
 Passwall                 Tmut/Erth      0%         N/A       100%        2
 Static Discharge         Conj/Air       0%         2-2/arc   100%        2
 Confusing Touch          Hex            0%         N/A       100%        3
 Gell's Gravitas          Tloc           0%         N/A       100%        3
 Ignite Poison            Fire/Tmut/Pois 0%         N/A       100%        3
 Inner Flame              Hex/Fire       0%         N/A       100%        3
 Portal Projectile        Hex/Tloc       0%         N/A       100%        3
 Stone Arrow              Conj/Erth      0%         3d7       100%        3
 Teleport Other           Tloc           0%         N/A       100%        3
 Tukima's Dance           Hex            0%         N/A       100%        3
 Vampiric Draining        Necr           0%         2d6       100%        3
 Airstrike                Air            0%         2d(0-16)  100%        4
 Summon Lightning Spire   Summ/Air       0%         N/A       100%        4
 Blade Hands              Tmut           0%         N/A       100%        5
 Freezing Cloud           Conj/Ice/Air   0%         6-21      100%        5
 Irradiate                Conj/Tmut      0%         3d11      100%        5
 Summon Forest            Summ/Tloc      0%         N/A       100%        5
 Dispersal                Tloc           0%         N/A       100%        6
 Eringya's Noxious Bog    Tmut/Pois      0%         N/A       100%        6
 Dragon Form              Tmut           0%         N/A       100%        7
 Summon Hydra             Summ           0%         N/A       100%        7


Dungeon Overview and Level Annotations

Branches:
Dungeon (14/15)            Temple (1/1) D:5            Lair (5/5) D:9
 Shoals (0/4) Lair:3       Spider (0/4) Lair:3        Slime (0/5) Lair:5
    Orc (2/2) D:9             Elf (0/3) Orc:2        Vaults (0/5) D:13
  IceCv (1/1)

Altars:
Ashenzari
Cheibriados
Dithmenos
Elyvilon
Hepliaklqana
Makhleb
Nemelex Xobeh
Okawaru
Qazlal
Ru
Sif Muna
Uskayaw
Vehumet
Wu Jian
Yredelemnul
Zin
The Shining One

Shops:
Orc:1 *   Orc:2 (*?[


Innate Abilities, Weirdness & Mutations

You have a pair of horns on your head.
You reflexively headbutt those who attack you in melee.


Message History

Something hits your blizzard demon! Something hits you.
Something completely misses your blizzard demon.
You hit something but do no damage. Your headbutt misses something.
Your blizzard demon closely misses something.
Your blizzard demon hits something.
You hit something but do no damage. Something hits you!
* * * LOW HITPOINT WARNING * * *
Something hits your blizzard demon but does no damage.
You miss something.
You hear some strange, mumbled words.
A bolt of cold appears from out of thin air!
The bolt of cold misses you.
Your blizzard demon misses something.
Your blizzard demon hits something but does no damage.
You hit something. Your headbutt misses something.
You hear a roar.
A blast of cold appears from out of thin air!
The blast of cold hits you. You resist.
* * * LOW HITPOINT WARNING * * *
You hit something but do no damage. Your headbutt misses something.
Your blizzard demon hits something but does no damage. x2
Unknown command.
You miss something. Your headbutt misses something.
You hear some strange, mumbled words.
A shard of ice appears from out of thin air!
The shard of ice hits you! You partially resist.
* * * LOW HITPOINT WARNING * * *
Unknown command.
Your blizzard demon hits something!
Your blizzard demon hits something but does no damage.
Your blizzard demon gestures at something.
You hear some strange, mumbled words.
A shard of ice appears from out of thin air!
The shard of ice hits you but does no damage.
You open the lid... ...and a larval fireweird beast leaps out!
The box is emptied!
You hear some strange, mumbled words.
A shard of ice appears from out of thin air!
The shard of ice hits you!! You partially resist.
You die...

##ยง.#
#...#
#####..#
##2..#.##
#..#...#
##.##..#
#.{#.##
###.###
##.@.#
##H.###
## ##..##
.## #..##
###..##
#..#
#.....#
#..#
#.....##
#.##
.......#
##.#
.......##
#..#


You could see a friendly larval fireweird beast (summoned).

Vanquished Creatures
  Frances (D:13)
  2 white draconians (IceCv)
  Nessos (D:13)
  Erolcha (D:9)
  A vault guard (D:13)
  4 hydras
  3 ogre magi
  An ice dragon (Lair:5)
  2 catoblepae (Lair:5)
  17 two-headed ogres
  3 centaur warriors
  3 boulder beetles
  4 death yaks (Lair:2)
  Urug (Lair:2)
  Sonja (Orc:2)
  3 skysharks (Lair:5)
  Amaemon (Lair:2)
  A fire crab (shapeshifter) (D:11)
  2 deep trolls (Orc:1)
  An orb spider (Lair:3)
  3 lindwurms (Lair:5)
  Pikel (D:7)
  An orange crystal statue (IceCv)
  A wizard (D:12)
  6 ugly things
  4 oklob plants (Lair:3)
  6 cyclopes
  2 orc sorcerers
  6 manticores
  Joseph (D:8)
  7 elephants
  5 black mambas
  An orange demon (Lair:1)
  2 ice statues (D:14)
  A gargoyle (D:14)
  A storm dragon simulacrum (IceCv)
  4 rime drakes
  5 torpor snails (Lair:5)
  Maggie (D:7)
  7 cane toads
  9 komodo dragons
  2 unseen horrors (D:11)
  An efreet (D:8)
  4 golden dragon simulacra (IceCv)
  18 trolls
  A polar bear (Lair:5)
  2 tyrant leeches (Lair:5)
  21 blink frogs
  8 hornets
  Grinder (D:6)
  14 dream sheep
  2 wyverns (Lair:5)
  A vampire (D:12)
  5 slime creatures (D:13)
  A water elemental (D:14)
  4 wraiths
  7 basilisks
  38 yaks
  2 steam dragons
  8 vampire mosquitoes
  A warg (Orc:2)
  Grum (D:9)
  14 water moccasins
  An acid dragon (D:13)
  Duvessa (D:5)
  14 orc warriors
  A black bear (shapeshifter) (D:13)
  3 ice beasts
  3 ice dragon simulacra (IceCv)
  4 black bears
  20 ogres
  13 wolves
  2 phantoms
  11 centaurs
  A lemure (D:7)
  A kobold brigand (D:8)
  13 bullfrogs
  3 gnoll sergeants
  A scorpion (D:4)
  Dowan (D:5)
  4 lindwurm simulacra (IceCv)
  12 killer bees
  2 vampire bats (Lair:1)
  11 electric eels
  4 howler monkeys
  5 hounds
  2 jellies
  Crazy Yiuf (D:3)
  11 orc priests
  A gnoll bouda (D:8)
  A sleepcap (D:7)
  An iguana (D:5)
  14 orc wizards
  A mummy (D:9)
  19 gnolls
  2 adders
  A shadow imp (D:8)
  2 ufetubi
  3 worms
  3 dart slugs
  66 orcs
  10 endoplasms
  4 giant cockroaches
  9 goblins
  4 hobgoblins
  2 jackals (D:1)
  2 quokkas
  4 ball pythons
  12 bats
  5 frilled lizards
  7 kobolds
  5 rats
  A spectral weapon (Lair:5)
607 creatures vanquished.

Vanquished Creatures (collateral kills)
  A tyrant leech (Lair:5)
  2 hornets (Lair:5)
3 creatures vanquished.

Vanquished Creatures (others)
  14 spectral weapons
14 creatures vanquished.

Grand Total: 624 creatures vanquished

Notes
Turn   | Place    | Note
-------+----------+-------------------------------------------
     0 | D:1      | Hubris850 the Minotaur Fighter began the quest for the Orb.
     0 | D:1      | Reached XP level 1. HP: 19/19 MP: 0/0
   142 | D:1      | Reached XP level 2. HP: 27/27 MP: 1/1
   578 | D:2      | Reached XP level 3. HP: 33/33 MP: 2/2
   724 | D:2      | Reached XP level 4. HP: 41/41 MP: 3/3
  1138 | D:3      | You fall into a shaft and drop 2 floors!
  1138 | D:5      | Entered Level 5 of the Dungeon
  1138 | D:5      | Found a broken altar of Ashenzari.
  1144 | D:5      | Noticed an ice beast
  1150 | D:5      | Killed an ice beast
  1151 | D:5      | Reached skill level 5 in Fighting
  1151 | D:5      | Reached skill level 5 in Armour
  1151 | D:5      | Reached skill level 5 in Shields
  1151 | D:5      | Reached XP level 5. HP: 48/48 MP: 4/4
  1159 | D:5      | Noticed a phantom
  1183 | D:5      | Killed a phantom
  1185 | D:5      | Reached XP level 6. HP: 32/56 MP: 5/5
  1303 | D:5      | Found a staircase to the Ecumenical Temple.
  1317 | Temple   | Entered the Ecumenical Temple
  1324 | Temple   | Became a worshipper of Makhleb the Destroyer
  1477 | D:5      | Noticed Duvessa
  1477 | D:5      | Noticed Dowan
  1487 | D:5      | Killed Duvessa
  1487 | D:5      | Killed Dowan
  1488 | D:5      | Reached XP level 7. HP: 19/63 MP: 5/7
  1656 | D:5      | Found a hazy altar of Hepliaklqana.
  1702 | D:5      | Found a white marble altar of Elyvilon.
  3307 | D:3      | Found a runed translucent door.
  3308 | D:3      | Noticed Crazy Yiuf
  3418 | D:3      | Killed Crazy Yiuf
  3529 | D:6      | Noticed Grinder
  3548 | D:6      | Killed Grinder
  3644 | D:6      | Reached XP level 8. HP: 67/70 MP: 8/10
  3692 | D:6      | Noticed a hornet
  3702 | D:6      | Paralysed by a hornet for 3 turns
  3718 | D:6      | Killed a hornet
  3718 | D:6      | Reached * piety under Makhleb
  4164 | D:6      | Reached skill level 1 in Throwing
  4164 | D:6      | Reached skill level 1 in Evocations
  4465 | D:7      | Noticed Pikel
  4471 | D:7      | Reached XP level 9. HP: 73/75 MP: 11/11
  4482 | D:7      | Killed Pikel
  4520 | D:7      | Identified the ring "Borawev" {rPois rC+ Int+3}
  4622 | D:7      | Noticed a manticore
  4631 | D:7      | Killed a manticore
  4758 | D:7      | Reached skill level 5 in Throwing
  4812 | D:7      | Noticed Maggie
  4821 | D:7      | Killed Maggie
  5039 | D:7      | Got the Precepts of the Sphinx
  5285 | D:7      | Reached ** piety under Makhleb
  5286 | D:7      | Reached XP level 10. HP: 47/83 MP: 12/12
  5288 | D:7      | Reached skill level 10 in Axes
  5636 | D:8      | Noticed Joseph
  5658 | D:8      | Killed Joseph
  6353 | D:8      | Noticed a two-headed ogre
  6364 | D:8      | Killed a two-headed ogre
  7142 | D:9      | Found a snail-covered altar of Cheibriados.
  7322 | D:9      | Reached *** piety under Makhleb
  7443 | D:9      | Noticed Erolcha
  7454 | D:9      | Killed Erolcha
  7524 | D:9      | Noticed Grum
  7539 | D:9      | Killed Grum
  7553 | D:9      | Found a staircase to the Lair.
  7685 | D:9      | Reached XP level 11. HP: 88/89 MP: 13/13
  7778 | D:9      | Found a staircase to the Orcish Mines.
  7778 | D:9      | Identified the +4 robe of the Gloaming {rElec MP+9}
  7923 | Lair:1   | Entered Level 1 of the Lair of Beasts
  8168 | Lair:1   | Reached skill level 10 in Armour
  8314 | Lair:1   | Reached **** piety under Makhleb
  8439 | Lair:1   | Reached skill level 15 in Axes
  8516 | Lair:1   | Identified the +2 helmet "Kyipudomm" {rN+}
  8794 | Lair:2   | Noticed a death yak
  8795 | Lair:2   | Noticed a death yak
  8795 | Lair:2   | Noticed a death yak
  8795 | Lair:2   | Noticed a death yak
  8845 | Lair:2   | Killed a death yak
  8853 | Lair:2   | Killed a death yak
  8859 | Lair:2   | Noticed Amaemon
  8879 | Lair:2   | Killed Amaemon
  8880 | Lair:2   | Reached XP level 12. HP: 96/96 MP: 14/14
  8908 | Lair:2   | Killed a death yak
  8909 | Lair:2   | Reached skill level 5 in Invocations
  8930 | Lair:2   | Killed a death yak
  9064 | Lair:2   | Found a stormy altar of Qazlal.
  9078 | Lair:2   | Noticed Urug
  9092 | Lair:2   | Killed Urug
  9504 | Lair:3   | Noticed a five-headed hydra
  9523 | Lair:3   | Killed a one-headed hydra
  9630 | Lair:3   | Found a hole to the Spider Nest.
  9781 | Lair:3   | Found a staircase to the Shoals.
 10001 | Lair:3   | Reached skill level 10 in Invocations
 10325 | Lair:4   | Identified the +0 rapier "Hutsal" {venom, Fly rElec Str+3}
 10502 | Lair:4   | Reached ***** piety under Makhleb
 10506 | Lair:4   | Reached XP level 13. HP: 102/102 MP: 20/20
 10910 | Lair:5   | Entered Level 5 of the Lair of Beasts
 10959 | Lair:5   | Reached skill level 1 in Dodging
 10992 | Lair:5   | Found a staircase to the Slime Pits.
 11081 | Lair:5   | Found a runed translucent door.
 11629 | Lair:5   | Reached skill level 5 in Dodging
 12055 | Lair:5   | Reached XP level 14. HP: 116/116 MP: 22/22
 12084 | Lair:5   | Identified the amulet "Wexaoxux" {Spirit rPois}
 12377 | Orc:1    | Entered Level 1 of the Orcish Mines
 12939 | Orc:2    | Entered Level 2 of the Orcish Mines
 12939 | Orc:2    | Found Hossaun's Assorted Antiques.
 12939 | Orc:2    | Found Astif's Antique Armour Boutique.
 12939 | Orc:2    | Found Tig Zios's Antique Weapon Shop.
 13054 | Orc:2    | Paralysed by something for 5 turns
 13061 | Orc:1    | Reached ****** piety under Makhleb
 13089 | Orc:2    | Found Mythroedi's Magic Scroll Emporium.
 13134 | Orc:2    | Bought an ancient hat for 234 gold pieces
 13134 | Orc:2    | Identified the +0 hat of Parts Unknown {rPois rN+ Str+3
                  | Stlth-} (You bought it in a shop on level 2 of the Orcish
                  | Mines)
 13158 | Orc:2    | Noticed Sonja
 13173 | Orc:2    | Killed Sonja
 13253 | Orc:2    | Found a staircase to the Elven Halls.
 13612 | Orc:1    | Found Ygaruj's General Store.
 13814 | D:10     | Entered Level 10 of the Dungeon
 14728 | D:11     | Reached skill level 15 in Invocations
 14794 | D:11     | Reached XP level 15. HP: 124/124 MP: 25/25
 15615 | D:12     | Identified a scroll of acquirement
 15616 | D:12     | Acquired a manual of Armour
 15949 | D:13     | Noticed Frances
 15966 | D:13     | Killed Frances
 16009 | D:13     | Found a shadowy altar of Dithmenos.
 16342 | D:13     | Found a gate to the Vaults.
 16747 | D:13     | Noticed Nessos
 16758 | D:13     | Killed Nessos
 16759 | D:13     | Reached skill level 15 in Armour
 17232 | D:14     | Found a frozen archway.
 17274 | IceCv    | Entered an ice cave
 17410 | IceCv    | Reached skill level 5 in Evocations
 17714 | IceCv    | Noticed a white draconian knight
 17757 | IceCv    | Killed from afar by a white draconian knight

Illustrated notes

Levels and vault maps discovered:
D:1:      mrwooster_arrival_statue_3, layout_basic
D:2:      layout_basic, minmay_pentomino_w4
D:3:      layout_rooms, kennysheep_generic_room_9, uniq_crazy_yiuf_cottage
D:4:      layout_rooms, due_unseen_surprise
D:5:      layout_basic, mainiacjoe_overflow_six_doors_small,
          mainiacjoe_overflow_catwalk_spiral, minmay_temple_entry_hall,
          serial_aquarium, aquarium_bridge_straight [aquarium_subvault_bridge,
          aquarium_subvault_window, aquarium_subvault_bridge,
          aquarium_subvault_wall], aquarium_bridge_long_joined
          [aquarium_subvault_wall, aquarium_subvault_bridge,
          aquarium_subvault_wall, aquarium_subvault_window,
          aquarium_subvault_bridge, aquarium_subvault_window],
          aquarium_window_1, aquarium_window_1, aquarium_window_1,
          aquarium_view_2b, aquarium_balcony_5b, uniq_duvessa
D:6:      layout_loops_ring, uniq_grinder
D:7:      layout_basic, minivault_14, glass_columns_b, uniq_pikel, uniq_maggie
D:8:      layout_basic, hangedman_abyss_or_decor_stagger, uniq_joseph
D:9:      layout_roguey [special_room_orc], slow_altar_2, due_unseen_surprise,
          uniq_grum, uniq_erolcha
D:10:     layout_big_octagon, serial_bayou_ford_a
D:11:     wad_lake_hut, layout_loops_ring, st_stairs_1
D:12:     layout_basic, minmay_librarian
D:13:     layout_gridville, david_vaults_5, serial_glass, glass_columns_b,
          glass_columns_b, roderic_lattice_a, nicolae_dithmenos_shadow_blocks,
          uniq_frances, uniq_nessos
D:14:     layout_rooms, serial_bayou, serial_bayou_pond_b,
          serial_bayou_lagoon_a, serial_bayou_pond_b, serial_bayou_pond_e,
          portal_ice_cave_entry_ice_statue_two, kennysheep_another_room,
          nicolae_trove_entry_columns, corner_web_ring,
          minmay_misc_feat_four_crosses, nicolae_shop_fire_sale
          [nicolae_sub_dead_trees], lemuel_zombie_altar_yredelemnul, uniq_snorg
Temple:   nicolae_temple_bog_church
Lair:1:   layout_gridlike, roderic_batcave, grunt_megastairs_1,
          serial_bayou_shore_a
Lair:2:   layout_concentric_octagons, basic_altar, uniq_amaemon, uniq_urug
Lair:3:   minmay_lair_oklob_tunnel, layout_chaotic_city, shoals_dummy_entry,
          nicolae_spider_entry_orb_guardian, lemuel_fruit_tree,
          grunt_megastairs_5
Lair:4:   layout_loops_ring
Lair:5:   wormcave, layout_loops_ring, hangedman_lair_in_review,
          nicolae_slime_entry_slimehenge, columned_hall_lemuel,
          grunt_forest_small_clearing_treed
Orc:1:    layout_diamond_mine, serial_shops, nicolae_shop_stone, minmay_orc_keep
Orc:2:    st_orc_open, layout_caves, uniq_sonja
IceCv:    ice_cave_small_dragons

Skill      XL: |  1  2  3  4  5  6  7  8  9 10 11 12 13 14 15 |
---------------+----------------------------------------------+-----
Fighting       | 4 5 6 8 9 |  9.0
Shields        | 4 5 6 8 9 |  9.0
Armour         | 4 5 6 8 9 12 13 14 16 | 16.0
Invocations    | 2 4 11 12 15 16 | 16.0
Axes           | 8 9 13 16 | 16.0
Throwing       | 2 6 7 |  7.0
Evocations     | 2 4 5 |  5.2
Dodging        | 5 8 |  8.0

Action                     |  1- 3 |  4- 6 |  7- 9 | 10-12 | 13-15 || total
---------------------------+-------+-------+-------+-------+-------++-------
  Melee: War axe           |    68 |    70 |   199 |   457 |   772 ||  1566
         Headbutt          |     4 |    11 |    43 |   124 |   212 ||   394
         Spear             |       |       |       |   121 |       ||   121
         Scimitar          |       |       |       |    14 |    15 ||    29
  Throw: Dart              |       |       |     1 |     6 |     2 ||     9
         Boomerang         |       |       |       |       |    18 ||    18
 Invoke: Major Destruction |       |       |       |       |     5 ||     5
         Greater Servant o |       |       |       |       |     3 ||     3
  Evoke: Wand              |       |       |     5 |     1 |     3 ||     9
         Box of beasts     |       |       |       |       |     1 ||     1
    Use: Potion            |       |     2 |     2 |       |     4 ||     8
         Scroll            |       |       |       |    22 |    10 ||    32
   Stab: Distracted        |       |       |       |     6 |    23 ||    29
         Confused          |       |       |       |       |     1 ||     1
 Armour: Scale mail        |    30 |     9 |       |       |       ||    39
         Fire dragon scale |       |    38 |   179 |    81 |       ||   298
         Gold dragon scale |       |       |       |   283 |   589 ||   872
  Dodge: Dodged            |    35 |    32 |   133 |   134 |   250 ||   584
  Block: Buckler           |    18 |    19 |    69 |   124 |   174 ||   404
